 Dungeon Crawl Stone Soup version 0.31-a0-455-g1a7b003ef0 (webtiles) character file.

Game seed: 5842300234386316071

441 kae the Changeling (level 6, -14/51 HPs)
             Began as a Draconian Shapeshifter on Aug 3, 2023.
             Was an Initiate of Ru.
             Demolished by an ogre
             ... wielding a +0 giant club
              (34 damage)
             ... on level 5 of the Dungeon.
             The game lasted 00:03:56 (3479 turns).

kae the Changeling (Draconian Shapeshifter)         Turns: 3479, Time: 00:03:57

Health: -14/51     AC:  6    Str: 18    XL:     6   Next: 70%
Magic:  15/15      EV: 12    Int:  8    God:    Ru [......]
Gold:   225        SH:  0    Dex: 13    Spells: 5/5 levels left

rFire   . .          .
                       - Unarmed
rCold   . . .        (no shield)
rNeg    . . .        (body armour unavailable)
rPois   .            (helmet currently unavailable)
rElec   .            (cloak currently unavailable)
rCorr   .            (gloves currently unavailable)
SInv    .            (boots currently unavailable)
Will    .....        g - amulet of regeneration
Stlth   +            W - ring of magical power
HPRegen 1.08/turn    (no ring)
MPRegen 0.14/turn

%: no passive effects
@: beast-form
A: beast (slay +3), AC +6, unfitting armour, cold-blooded
a: Begin Untransformation, Renounce Religion


You were on level 5 of the Dungeon.
You worshipped Ru.
Ru was noncommittal.
You were a hulking beast.
You visited 2 branches of the dungeon, and saw 6 of its levels.

You collected 225 gold pieces.


Innate Abilities, Weirdness & Mutations

You are a hulking beast.
Your limbs bulge with bestial killing power. (Slay +3)
Your plain brown scales are hard. (AC +6)
You cannot fit into any form of body armour.
You are cold-blooded and may be slowed by cold attacks.


   Skills:
 + Level 3.5 Fighting
 - Level 3.0 Dodging
 + Level 4.4 Unarmed Combat
 * Level 4.8 Shapeshifting


You had 5 spell levels left.
You didn't know any spells.
Your spell library contained the following spells:

 Spells                   Type           Power      Damage    Failure   Level
 Blink                    Tloc           0%         N/A       54%         2
 Manifold Assault         Tloc           0%         N/A       99%         4

Inventory:

Missiles
 c - 104 stones
 d - 4 poisoned darts
 s - 4 boomerangs
Magical Staves
 p - a staff of fire {!a}
   (You found it on level 4 of the Dungeon)
 r - a staff of fire {!a}
   (You found it on level 3 of the Dungeon)
Jewellery
 g - an amulet of regeneration (around neck)
   (You found it on level 1 of the Dungeon)
 W - a ring of magical power (left hand)
   (You found it on level 1 of the Dungeon)
Talismans
 b - a beast talisman (active)
 l - a talisman of death
   (You found it on level 2 of the Dungeon)
 w - a blade talisman
   (You found it on level 5 of the Dungeon)
Wands
 i - a wand of polymorph (10)
   (You found it on level 2 of the Dungeon)
 o - a wand of iceblast (9)
   (You found it on level 3 of the Dungeon)
Scrolls
 j - a scroll of identify {@r1}
 t - a scroll of teleportation {@r4}
 v - a scroll of fear
Potions
 a - a potion of lignification {!q}
 e - a potion of heal wounds {@q2}
 f - 2 potions of brilliance
 h - a potion of berserk rage {unknown}
 k - 4 potions of curing {@q1}
 m - a potion of enlightenment
 n - 2 potions of attraction {!q}
 q - 2 potions of cancellation {unknown}
 u - a potion of magic

Dungeon Overview and Level Annotations

Branches:
Dungeon (5/15) Zot: 26568  Temple (1/1) D:4 Zot: 5966

Altars:
Ashenzari
Cheibriados
Hepliaklqana
Okawaru
Ru
Trog
Uskayaw
Xom
Yredelemnul
Lugonu

Shops:
D:2 = D:3

( ##.## #...# #.#.#
##.#.## #..#..#
##.###.## ###..# #..###
####...## ##...####
###....### ###h...#
....#### ..⌠.olO..).....
###....###...###....####
..####...## #...####
...# ###..# ..### ...+
##.###.# ...#+####..#..
...#...###.#.#
#'##...#.#.#.#


You could see an ogre, an iguana and an orc.


Message History

You take 10 damage, and now have 33/51 hp.
You are too injured to fight recklessly!
You are too injured to fight recklessly!
You are too injured to fight recklessly!
You are too injured to fight recklessly!
You hit Dowan.
Dowan hits you with a +5 dagger of holy wrath! 😮 HP[-6]
You take 6 damage, and now have 27/51 hp.
You hit Dowan. Your punch misses Dowan.
Dowan says, "Her death will not be in vain!"
Dowan hits you with a +5 dagger of holy wrath.
* * * LOW HITPOINT WARNING * * *
Unknown command. 😨 HP[-5]
You take 5 damage, and now have 22/51 hp.
You punch Dowan! Dowan misses you. Dowan closely misses you. 😨 HP[+1]
You hit Dowan.
You kill Dowan! 😨 HP[+1] Unknown command.
Things that are here:
a +5 dagger of holy wrath; a +0 robe; 😨 HP[+1]
You start resting. 😕 HP[+18]
You regained 18 hp, and now have 43/51 hp.
Unknown command.
There is an open door here.
There is an open door here.
j - a scroll of identify {@r1} 😎 HP[+8]
Your hp is fully restored (51).
Key pressed, stopping explore.
Unknown command.
You open the door.
Found a stone staircase leading up.
Unknown command.
A sleepcap comes into view.
There is an open door here.
A sleepcap is nearby!
You start waiting.
A sleepcap is nearby!
You hit the sleepcap.
The sleepcap releases spores at you but does no damage.
You hit the sleepcap but do no damage.
You tail-slap the sleepcap, but do no damage.
The sleepcap barely misses you.
You hit the sleepcap. The sleepcap closely misses you.
You hit the sleepcap but do no damage. You punch the sleepcap.
You hit the sleepcap. The sleepcap barely misses you.
You hit the sleepcap. The sleepcap releases spores at you.
You are engulfed in a cloud of soporific spores!
You fall asleep.
The sleepcap releases spores at you.
You wake up. 😕 HP[-1]
You take 1 damage, and now have 50/51 hp.
You hit the sleepcap. You tail-slap the sleepcap.
You destroy the sleepcap! 😎 HP[+1]
Your hp is fully restored (51).
Unknown command.
There is an open door here.
There is an open door here.
You see here a blade talisman.
Press: ? - help, v - describe, . - travel, g - get item Item here: a blade talisman.
The floor.
w - a blade talisman You open the door.
There is an open door here.
You see here a +0 club.
Key pressed, stopping explore.
Unknown command.
An orc, an ogre and an iguana come into view.
The orc shouts!
The ogre shouts!
The iguana hisses angrily.
The orc moves out of view.
There are monsters nearby!
There are monsters nearby!
There are monsters nearby!
You punch the ogre! The ogre closely misses you.
You barely miss the ogre.
The ogre hits you with a +0 giant club. 😕 HP[-6]
You take 6 damage, and now have 45/51 hp.
You hit the ogre. You barely miss the ogre.
The ogre barely misses you. 😕 HP[+2]
You regained 2 hp, and now have 47/51 hp.
You hit the ogre. You hit the ogre.
The ogre hits you with a +0 giant club!!
Ouch! That really hurt!
* * * LOW HITPOINT WARNING * * *
😨 HP[-28]
You take 28 damage, and now have 19/51 hp.
MASSIVE DAMAGE!! (PAUSE)
You hit the ogre. You tail-slap the ogre. You punch the ogre.
The ogre hits you with a +0 giant club!!
Ouch! That really hurt!
You die...

Skill      XL: |  1  2  3  4  5  6 |
---------------+-------------------+-----
Dodging        | 2 3 |  3.0
Fighting       | 2 3 |  3.5
Shapeshifting  | 4 |  4.8
Unarmed Combat | 4 |  4.4

Action                     |  1- 3 |  4- 6 || total
---------------------------+-------+-------++-------
  Melee: Unarmed           |    91 |   169 ||   260
         Tailslap          |     5 |    18 ||    23
         Punch             |       |     7 ||     7
    Use: Scroll            |     3 |     8 ||    11
   Stab: Sleeping          |       |     2 ||     2
 Armour: Skin              |    27 |    42 ||    69
  Dodge: Dodged            |    64 |    95 ||   159
   Form: Death             |     1 |       ||     1
         Beast             |     1 |       ||     1

Levels and vault maps discovered:
D:1:      minmay_arrival_shattered_statue, layout_basic
D:2:      layout_basic, serial_shops, nicolae_shop_rolling_square,
          serial_forest, infiniplex_forest_lined_room_2,
          infiniplex_forest_straight_4, infiniplex_forest_clump_curved,
          infiniplex_forest_clump_small, infiniplex_forest_lined_3,
          infiniplex_forest_lined_room_3, infiniplex_forest_lined_room_3,
          infiniplex_forest_clump_medium, cheibrodos_gnoll_hut
D:3:      layout_basic, trog_hazing_becter, serial_shops, shop,
          kennysheep_potato, uniq_robin
D:4:      layout_loops_ring, lemuel_doored_altar,
          minmay_temple_entry_proselytizer
D:5:      minmay_general_purpose_star, layout_gridville, jmf_multi_god_temple,
          uniq_duvessa, uniq_grinder
Temple:   corrupted_temple

Notes
Turn   | Place    | Note
-------+----------+-------------------------------------------
     0 | D:1      | kae the Draconian Shapeshifter began the quest for the Orb.
     0 | D:1      | Reached XP level 1. HP: 16/16 MP: 1/1
     0 | D:1      | magus.rc [v1.11.3]
   286 | D:1      | Reached XP level 2. HP: 23/23 MP: 2/2
   336 | D:1      | Reached skill level 2 in Dodging
  1057 | D:2      | Found Yseid's Jewellery Emporium.
  1167 | D:2      | Reached XP level 3. HP: 29/29 MP: 3/3
  1492 | D:2      | Reached skill level 2 in Fighting
  1676 | D:3      | Found Jeilel's Weapon Boutique.
  1714 | D:3      | Noticed Robin
  1732 | D:3      | Reached XP level 4. HP: 36/36 MP: 4/4
  1746 | D:3      | Killed Robin
  1772 | D:3      | Found a bloodstained altar of Trog.
  1953 | D:3      | You add the spells Blink and Manifold Assault to your
                  | library.
  2123 | D:3      | Reached XP level 5. HP: 42/42 MP: 5/5
  2260 | D:3      | Reached skill level 4 in Shapeshifting
  2682 | D:4      | Found a staircase to the Ecumenical Temple.
  2692 | Temple   | Entered the Ecumenical Temple
  2708 | Temple   | Became a worshipper of Ru the Awakened
  3001 | D:4      | Found a hazy altar of Hepliaklqana.
  3035 | D:4      | Reached skill level 3 in Fighting
  3252 | D:5      | Entered Level 5 of the Dungeon
  3272 | D:5      | Noticed Duvessa
  3272 | D:5      | Noticed Dowan
  3289 | D:4      | Reached XP level 6. HP: 47/51 MP: 6/6
  3304 | D:5      | Killed Duvessa
  3305 | D:5      | Reached skill level 3 in Dodging
  3305 | D:5      | Reached skill level 4 in Unarmed Combat
  3315 | D:5      | Killed Dowan
  3479 | D:5      | Demolished by an ogre

Vanquished Creatures
  Duvessa (D:5)
  Dowan (D:5)
  A jelly (D:4)
  An orc priest (D:4)
  A sleepcap (D:5)
  An iguana (D:4)
  An orc wizard (D:3)
  Robin (D:3)
  A gnoll (D:2)
  3 adders
  A worm (D:3)
  2 dart slugs
  9 orcs
  5 endoplasms
  4 giant cockroaches
  11 hobgoblins
  7 jackals
  A quokka (D:1)
  5 ball pythons
  4 bats
  2 frilled lizards
  18 goblins
  8 kobolds
  5 rats
94 creatures vanquished.

Table legend:
 A = Non-vault XP
 B = Vault XP
 C = Vault XP percentage of total XP
 D = Non-vault monster count
 E = Vault monster count
 F = Vault count percentage of total count
                 A         B        C        D         E       F
            +---------+---------+-------+---------+---------+-------
      Total |     311 |     319 |  50.6 |      68 |      26 |  27.7
            +---------+---------+-------+---------+---------+-------
        D:1 |      19 |       0 |   0.0 |      13 |       0 |   0.0
        D:2 |      52 |      18 |  25.7 |      17 |       3 |  15.0
        D:3 |      80 |      53 |  39.8 |      20 |      20 |  50.0
        D:4 |     123 |      41 |  25.0 |      17 |       1 |   5.6
        D:5 |      37 |     207 |  84.8 |       1 |       2 |  66.7
            +---------+---------+-------+---------+---------+-------

Skill      XL: |  1  2  3  4  5  6 |
---------------+-------------------+-----
Dodging        | 2 3 |  3.0
Fighting       | 2 3 |  3.5
Shapeshifting  | 4 |  4.8
Unarmed Combat | 4 |  4.4

Action                     |  1- 3 |  4- 6 || total
---------------------------+-------+-------++-------
  Melee: Unarmed           |    91 |   169 ||   260
         Tailslap          |     5 |    18 ||    23
         Punch             |       |     7 ||     7
    Use: Scroll            |     3 |     8 ||    11
   Stab: Sleeping          |       |     2 ||     2
 Armour: Skin              |    27 |    42 ||    69
  Dodge: Dodged            |    64 |    95 ||   159
   Form: Death             |     1 |       ||     1
         Beast             |     1 |       ||     1

Illustrated notes

Table legend:
 A = Kills in this place as a percentage of kills in the entire game.
 B = Kills by you in this place as a percentage of kills by you in the entire game.
 C = Kills by friends in this place as a percentage of kills by friends in the entire game.
 D = Other kills in this place as a percentage of other kills in the entire game.
 E = Experience gained in this place as a percentage of experience gained in the entire game.
 F = Experience gained in this place divided by the number of levels of this place that you have seen.
                   A       B       C       D       E      F
               +-------+-------+-------+-------+-------+----------------------
         Total | 100.0 | 100.0 |   N/A |   N/A | 100.0 | 105.0
       Dungeon | 100.0 | 100.0 |   N/A |   N/A | 100.0 | 126.0
               +-------+-------+-------+-------+-------+----------------------

Table legend: (Time is in decaauts)
 A = Elapsed time spent in this place.
 B = Non-inter-level travel time spent in this place.
 C = Inter-level travel time spent in this place.
 D = Time resting spent in this place.
 E = Time spent auto-exploring this place.
 F = Levels seen in this place.
 G = Mean time per level.
                   A        B        C        D        E       F      G
               +--------+--------+--------+--------+--------+-----+--------+
         Total |   3464 |   3358 |    106 |     40 |   2688 |   6 |  577.3 |
       Dungeon |   3430 |   3339 |     91 |     40 |   2688 |   5 |  686.0 |
        Temple |     33 |     18 |     15 |      0 |      0 |   1 |   33.0 |
               +--------+--------+--------+--------+--------+-----+--------+

Top non-repeatable levels by time:
     D:3: 892 daAuts
     D:2: 824 daAuts
     D:1: 775 daAuts
     D:4: 719 daAuts
     D:5: 218 daAuts
  Temple: 33 daAuts
